Map: Orbital Depot

Players

HYP - Winner!

  • Race: Terran Terran
  • Spawn Location: 3:00

Metasapien - Winner!

  • Race: Zerg Zerg
  • League: Platinum
  • Spawn Location: 3:00

Krafty - Winner!

  • Race: Protoss Protoss
  • League: Platinum
  • Spawn Location: 1:00

Suarez

  • Race: Protoss Protoss
  • Spawn Location: 9:00

NEO

  • Race: Protoss Protoss
  • Spawn Location: 7:00

JetSuperUser

  • Race: Terran Terran
  • Spawn Location: 9:00

VOD

Have the link to the VOD?

Description

Time

  • Played on: Sept. 23, 2017, 10:22 a.m.
  • Length: 11:44
Show
View Real Time Build Order
Export as new Build Order

HYP Terran - Winner!

Build Orders: Cyclone Opening 

Get SALT Encoding   

  12  0:02  SCV  
  13  0:15  SCV  
  13  0:20  Supply Depot  
  14  0:27  SCV  
  15  0:41  SCV  
  16  0:47  Refinery  
  16  0:50  Refinery  
  16  0:54  Barracks  
  16  0:59  SCV  
  17  1:11  SCV  
  18  1:23  SCV  
  19  1:27  Supply Depot  
  19  1:35  SCV  
  20  1:42  Factory  
  20  1:45  Barracks Reactor  
  20  1:47  SCV  
  21  2:00  Orbital Command  
  21  2:29  SCV, Supply Depot  
  22  2:33  Cyclone  
  22  2:34  Cyclone  
  28  2:38  Marine  
  28  2:44  Supply Depot  
  29  3:04  SCV  
  29  3:05  Cyclone  
  33  3:06  Cyclone  
  36  3:16  SCV  
  37  3:39  Cyclone x2  
  43  3:56  Command Center  
  43  4:06  Supply Depot  
  43  4:07  Supply Depot  
  43  4:08  Barracks Tech Lab  
  43  4:18  Cyclone  
  46  4:27  Cyclone  
  49  4:38  SCV  
  44  4:50  SCV  
  39  4:59  Widow Mine x2  
  33  5:02  SCV  
  33  5:05  Marauder  
  37  5:14  SCV  
  38  5:26  Marauder  
  38  5:28  Widow Mine x2  
  36  5:33  Engineering Bay  
  40  5:56  Widow Mine x2  
  40  6:02  Barracks  
  40  6:04  Barracks  
  44  6:09  Marauder  
  46  6:22  Planetary Fortress  
  46  6:25  Widow Mine x2  
  44  6:30  Marauder  
  50  6:51  Marine  
  50  6:53  Widow Mine  
  50  6:54  Widow Mine  
  53  7:09  Marine  
  54  7:22  Widow Mine x2  
  46  7:23  Barracks Tech Lab x2  
  46  7:27  Marine  
  44  7:45  Marine  
  43  7:55  Marine x2  
  37  8:03  Marine  
  34  8:12  Marine  
  34  8:13  Marine  
  34  8:18  Stimpack, Combat Shields  
  36  8:20  Marine  
  36  8:24  Widow Mine  
  36  8:25  Widow Mine  
  41  8:28  Starport, Barracks x2  
  41  8:30  Marine x2  
  41  8:33  Barracks  
  43  8:38  Marine  
  44  8:48  Marine x2  
  44  8:57  Marauder  
  44  9:00  Concussive Shells  
  46  9:05  SCV x2  
  46  9:06  Marauder, Marine  
  51  9:16  Barracks Reactor  
  51  9:17  SCV, Barracks Reactor, Marine  
  45  9:18  Starport Reactor, SCV  
  45  9:20  Barracks Reactor, Supply Depot  
  45  9:22  Supply Depot  
  47  9:24  Marine  
  47  9:26  Supply Depot  
  47  9:29  Refinery  
  48  9:33  Marauder  
  48  9:36  Marauder  
  52  9:42  Marauder  
  52  9:44  Terran Infantry Weapons Level 1  
  54  9:51  Refinery  
  54  9:55  Medivac x2  
  54  9:56  Marine x7  
  54  9:57  Marine  
  66  10:03  Marine  
  67  10:14  Marine x2  
  68  10:15  Marauder x2  
  68  10:16  Marine x4  
  77  10:21  Marauder  
  77  10:25  Medivac x2  
  83  10:31  Marine  
  83  10:32  Marine  
  83  10:34  Marine  
  86  10:39  Marine x3  
  86  10:40  Marine x2  
  86  10:42  Marine  
  92  10:57  Marine x2  
  92  10:58  Marauder x2, Marine  
  92  11:01  Marauder  
Show
View Real Time Build Order
Export as new Build Order

Metasapien Zerg - Winner!

Build Orders: Hatch First 

Get SALT Encoding   

  12  0:33  Drone  
  13  0:39  Drone  
  14  0:45  Overlord  
  14  0:47  Hatchery  
  13  0:51  Drone  
  13  0:56  Drone, Extractor  
  14  1:25  Spawning Pool  
  13  1:26  Drone x2  
  13  1:29  Drone  
  16  1:41  Drone  
  17  2:09  Drone  
  17  2:11  Metabolic Boost  
  17  2:13  Queen  
  17  2:14  Queen  
  22  2:16  Zergling x4  
  22  2:20  Zergling x2  
  25  2:24  Drone  
  25  2:28  Drone  
  27  2:32  Drone  
  28  2:45  Overlord  
  28  2:46  Overlord  
  28  2:55  Overlord  
  28  3:11  Zergling x10  
  32  3:20  Drone  
  32  3:24  Drone x2, Zergling x4  
  36  3:32  Drone  
  37  3:35  Lair  
  37  3:41  Extractor  
  37  3:48  Drone x2  
  38  3:50  Drone x2  
  40  4:03  Drone  
  40  4:04  Drone x2  
  43  4:16  Drone x3  
  46  4:17  Hatchery  
  46  4:19  Overlord  
  46  4:23  Drone  
  46  4:24  Roach Warren  
  45  4:27  Drone x2  
  45  4:28  Zergling x2  
  48  4:31  Drone  
  49  5:03  Extractor, Roach x2  
  49  5:04  Overlord, Roach x2  
  49  5:05  Overlord x2  
  56  5:09  Overlord  
  55  5:15  Roach x2  
  55  5:16  Roach  
  55  5:17  Roach  
  55  5:31  Spine Crawler  
  55  5:32  Roach x4  
  55  5:33  Spine Crawler, Roach  
  55  5:43  Roach x2  
  55  5:44  Roach x3  
  55  5:46  Zergling x2  
  66  5:56  Queen  
  68  5:57  Drone x3  
  68  6:02  Roach x3  
  77  6:32  Drone x3  
  80  6:33  Extractor  
  78  6:41  Ravager x2  
  70  7:03  Drone x2  
  70  7:04  Drone  
  73  7:09  Drone x3  
  73  7:11  Overlord x3  
  73  7:12  Overlord x2  
  73  7:14  Overseer x2  
  76  7:18  Roach x2  
  76  7:19  Roach x2  
  84  7:28  Drone  
  84  7:29  Overlord x2  
  83  7:39  Roach x4  
  83  7:40  Roach x2  
  75  7:51  Roach x5  
  73  8:12  Roach x4  
  81  8:13  Roach x3  
  85  8:21  Queen  
  85  8:25  Drone  
  84  8:30  Hydralisk Den  
  81  8:35  Drone  
  81  8:41  Roach x5  
  88  8:42  Roach x3  
  98  8:50  Drone  
  98  8:53  Ravager  
  100  9:04  Spine Crawler  
  100  9:05  Drone x2  
  100  9:07  Spine Crawler  
  100  9:13  Extractor  
  85  9:27  Roach x2  
  85  9:28  Overlord, Hydralisk x2, Roach x2  
  85  9:29  Hydralisk x2, Roach x4  
  101  9:33  Zergling x4  
  95  9:44  Drone  
  95  9:45  Drone, Queen  
  98  9:53  Roach x2  
  98  9:59  Glial Reconstitution  
  102  10:01  Muscular Augments  
  102  10:14  Overlord x3  
  102  10:23  Drone  
  102  10:24  Drone x2  
  102  10:27  Drone x7  
  112  10:31  Extractor  
  111  10:35  Spore Crawler, Hydralisk  
  111  10:36  Hydralisk x3  
  111  10:42  Evolution Chamber  
  117  10:45  Evolution Chamber  
  117  10:49  Hydralisk x2  
  118  10:50  Roach x2  
  126  11:35  Hatchery  
  125  11:41  Infestation Pit  
Show
View Real Time Build Order
Export as new Build Order

Krafty Protoss - Winner!

Build Orders: Cannon Rush 

Get SALT Encoding   

  12  0:01  Probe (Chrono Boost)  
  13  0:16  Probe (Chrono Boost)  
  13  0:20  Pylon  
  14  0:27  Probe (Chrono Boost)  
  15  0:30  Pylon  
  15  0:40  Forge  
  15  0:52  Probe (Chrono Boost), Pylon  
  16  1:03  Probe (Chrono Boost)  
  17  1:14  Probe (Chrono Boost)  
  17  1:17  Photon Cannon  
  18  1:21  Photon Cannon  
  18  1:23  Pylon  
  18  1:24  Probe (Chrono Boost)  
  19  1:30  Photon Cannon  
  19  1:35  Probe (Chrono Boost)  
  20  1:45  Probe (Chrono Boost)  
  21  1:47  Photon Cannon  
  21  1:50  Pylon  
  21  1:54  Photon Cannon  
  21  1:57  Pylon  
  21  2:17  Probe (Chrono Boost)  
  22  2:23  Photon Cannon  
  22  2:24  Photon Cannon  
  22  2:26  Photon Cannon  
  22  2:30  Probe (Chrono Boost)  
  22  2:32  Assimilator  
  22  2:36  Assimilator  
  23  2:45  Photon Cannon  
  23  2:48  Pylon  
  22  3:02  Probe (Chrono Boost)  
  23  3:12  Nexus  
  23  3:23  Gateway  
  23  3:34  Pylon  
  23  3:45  Probe (Chrono Boost)  
  24  3:49  Pylon  
  24  3:56  Pylon  
  24  3:59  Probe (Chrono Boost)  
  24  4:10  Probe (Chrono Boost)  
  24  4:14  Cybernetics Core  
  25  4:18  Pylon  
  25  4:22  Assimilator  
  25  4:25  Probe (Chrono Boost)  
  25  4:26  Assimilator  
  26  4:32  Pylon  
  26  4:36  Probe (Chrono Boost)  
  27  4:46  Probe (Chrono Boost)  
  28  4:56  Stargate  
  28  4:57  Probe (Chrono Boost)  
  28  4:59  Stargate  
  29  5:01  Stargate  
  29  5:13  Photon Cannon  
  29  5:14  Photon Cannon  
  29  5:19  Probe (Chrono Boost)  
  27  5:43  Void Ray x2  
  35  5:58  Pylon  
  35  6:20  Void Ray  
  39  6:33  Void Ray  
  42  7:10  Void Ray  
  46  7:33  Void Ray  
  46  8:33  Void Ray x2  
Show
View Real Time Build Order
Export as new Build Order

Suarez Protoss 

Build Orders: Double Forge, Nexus First 

Get SALT Encoding   

  12  0:27  Pylon  
  12  0:30  Probe (Chrono Boost)  
  13  0:41  Probe (Chrono Boost)  
  14  0:55  Nexus  
  14  1:01  Probe (Chrono Boost)  
  15  1:12  Probe (Chrono Boost)  
  15  1:18  Forge  
  16  1:22  Probe (Chrono Boost)  
  17  1:33  Probe (Chrono Boost)  
  18  1:42  Pylon  
  18  1:51  Probe (Chrono Boost)  
  19  1:55  Photon Cannon  
  19  2:00  Pylon  
  19  2:32  Probe (Chrono Boost)  
  20  2:39  Photon Cannon  
  20  2:42  Probe (Chrono Boost)  
  20  2:43  Photon Cannon  
  21  2:47  Pylon  
  21  2:53  Probe (Chrono Boost)  
  22  3:07  Gateway  
  22  3:11  Photon Cannon  
  22  3:12  Pylon  
  22  3:24  Photon Cannon  
  22  3:28  Probe (Chrono Boost)  
  22  3:31  Photon Cannon  
  22  3:34  Photon Cannon  
  23  3:38  Pylon  
  23  4:02  Forge  
  23  4:06  Probe (Chrono Boost)  
  24  4:12  Nexus  
  24  4:15  Pylon  
  24  4:16  Probe (Chrono Boost)  
  25  4:28  Probe (Chrono Boost)  
  25  4:30  Zealot  
  25  4:31  Assimilator  
  28  4:35  Assimilator  
  28  4:48  Photon Cannon  
  28  4:54  Photon Cannon  
  28  4:57  Photon Cannon  
  28  4:58  Zealot  
  30  5:02  Pylon  
  30  5:20  Probe (Chrono Boost)  
  31  5:26  Photon Cannon  
  31  5:27  Photon Cannon  
  31  5:31  Probe (Chrono Boost)  
  32  5:40  Cybernetics Core  
  32  5:41  Probe (Chrono Boost)  
  33  5:46  Photon Cannon  
  33  5:51  Probe (Chrono Boost)  
  33  5:52  Probe (Chrono Boost), Pylon  
  35  6:01  Probe (Chrono Boost)  
  35  6:02  Probe (Chrono Boost)  
  35  6:03  Photon Cannon  
  37  6:12  Probe (Chrono Boost)  
  37  6:13  Probe (Chrono Boost)  
  37  6:17  Stalker  
  41  6:23  Probe x2 (Chrono Boost)  
  41  6:24  Gateway  
  43  6:28  Gateway  
  43  6:32  Gateway  
  43  6:34  Probe (Chrono Boost)  
  43  6:39  Assimilator  
  44  6:44  Probe (Chrono Boost), Assimilator  
  45  6:57  Zealot (Chrono Boost)  
  47  7:21  Pylon  
  49  7:23  Zealot (Chrono Boost)  
  49  7:28  Stalker (Chrono Boost)  
  55  7:30  Stalker (Chrono Boost)  
  55  7:31  Stalker (Chrono Boost)  
  55  7:51  Photon Cannon, Zealot (Chrono Boost)  
  57  7:55  Stalker (Chrono Boost)  
  63  8:00  Stalker (Chrono Boost)  
  63  8:02  Stalker (Chrono Boost)  
  57  8:18  Zealot (Chrono Boost)  
  52  8:21  Stalker (Chrono Boost)  
  42  8:43  Stalker x2 (Chrono Boost)  
  42  8:45  Zealot (Chrono Boost)  
  44  8:49  Stalker (Chrono Boost)  
Show
View Real Time Build Order
Export as new Build Order

NEO Protoss 

Build Orders:  

Get SALT Encoding   

  12  0:01  Probe (Chrono Boost)  
  14  0:14  Probe (Chrono Boost)  
  14  0:19  Pylon  
  14  0:24  Probe (Chrono Boost)  
  14  0:25  Assimilator  
  15  0:30  Assimilator  
  15  0:38  Probe (Chrono Boost)  
  15  0:41  Gateway  
  16  0:48  Probe (Chrono Boost)  
  17  0:58  Gateway  
  17  0:59  Probe (Chrono Boost)  
  18  1:10  Probe (Chrono Boost), Pylon  
  19  1:19  Pylon  
  19  1:20  Probe (Chrono Boost)  
  20  1:37  Cybernetics Core  
  20  1:43  Zealot (Chrono Boost)  
  20  1:46  Zealot (Chrono Boost)  
  26  2:18  Robotics Facility, Stalker (Chrono Boost)  
  26  2:20  Robotics Facility  
  26  2:21  Pylon  
  26  2:35  Stalker (Chrono Boost)  
  28  2:49  Stalker (Chrono Boost)  
  30  2:52  Mothership Core  
  30  2:57  Pylon  
  32  3:14  Immortal (Chrono Boost)  
  40  3:21  Immortal (Chrono Boost)  
  40  3:30  Zealot (Chrono Boost)  
  44  3:35  Stalker (Chrono Boost)  
  44  3:59  Nexus  
  44  4:20  Stalker, Immortal x2 (Chrono Boost)  
  54  4:42  Pylon  
  48  4:55  Immortal (Chrono Boost)  
  50  5:00  Stalker (Chrono Boost)  
  50  5:04  Stalker (Chrono Boost)  
  54  5:09  Immortal  
  50  5:41  Observer (Chrono Boost)  
  51  5:59  Observer (Chrono Boost)  
  51  6:02  Warp Gate (Chrono Boost)  
  52  6:10  Probe, Nexus  
  53  6:22  Probe  
  53  6:23  Immortal x2  
  62  6:39  Pylon  
  62  6:47  Gateway  
  62  7:02  Observer (Chrono Boost)  
  47  7:49  Stalker  
  47  7:50  Stalker  
  55  7:52  Immortal (Chrono Boost)  
  55  7:57  Immortal (Chrono Boost)  
  38  8:23  Probe  
  38  8:24  Probe  
  38  8:26  Immortal (Chrono Boost)  
  43  8:33  Probe  
  44  8:42  Pylon  
  44  8:59  Assimilator  
  44  9:05  Assimilator  
  44  9:24  Immortal (Chrono Boost)  
  41  9:26  Stalker  
  41  9:38  Pylon  
  41  9:44  Pylon  
  41  9:49  Stalker  
  43  9:53  Probe  
  45  10:14  Observer (Chrono Boost)  
  45  10:20  Immortal (Chrono Boost)  
  49  10:25  Robotics Bay  
  49  11:09  Immortal (Chrono Boost)  
Show
View Real Time Build Order
Export as new Build Order

JetSuperUser Terran 

Build Orders:  

Get SALT Encoding   

  12  0:01  SCV  
  13  0:13  SCV  
  14  0:21  Supply Depot  
  14  0:25  SCV  
  15  0:43  SCV  
  15  0:45  Barracks  
  16  0:55  SCV  
  17  1:02  Barracks  
  17  1:07  SCV  
  18  1:19  SCV  
  19  1:32  Orbital Command  
  19  1:33  Marine  
  19  1:35  Supply Depot  
  20  1:49  Marine  
  20  1:51  Marine  
  22  2:02  Orbital Command  
  22  2:33  SCV  
  11  3:56  Orbital Command, Marine x2  
  13  4:02  Supply Depot  
  13  4:15  Command Center  
  13  4:36  SCV  
  13  4:37  Marine x2  
  16  4:54  Marine  
  16  4:55  Marine  
  16  4:57  SCV  
  19  5:01  Supply Depot  
  19  5:04  Supply Depot  
  19  5:06  Engineering Bay  
  19  5:07  Refinery  
  19  5:09  SCV  
  19  5:12  Marine  
  21  5:30  Marine x2  
  21  5:32  SCV  
  24  5:38  SCV  
  25  5:44  SCV  
  26  5:50  SCV, Marine x2  
  26  5:56  SCV  
  30  6:01  Refinery  
  30  6:02  SCV  
  31  6:04  Supply Depot  
  31  6:08  SCV, Marine x2  
  34  6:31  Planetary Fortress  
  34  6:35  Missile Turret  
  34  6:36  SCV  
  29  6:48  SCV  
  26  6:55  Marine x2  
  26  7:00  SCV  
  28  7:12  SCV  
  28  7:13  Marine x2  
  29  7:23  Factory  
  29  7:24  SCV  
  29  7:25  Barracks  
  30  7:31  Barracks Tech Lab, Marine  
  30  7:36  SCV  
  31  7:48  Marine  
  31  7:50  SCV x2  
  32  8:01  Marine  
  32  8:02  SCV x2  
  35  8:06  Marine  
  35  8:10  Barracks x2  
  35  8:11  Widow Mine  
  37  8:14  SCV x2  
  37  8:16  Starport  
  37  8:19  Marine  
  39  8:24  Marine  
  39  8:25  Missile Turret  
  39  8:26  SCV x2  
  42  8:28  Stimpack  
  42  8:31  Marine  
  43  8:37  Marine  
  43  8:38  SCV x2  
  46  8:42  Marine  
  47  8:49  Marine  
  47  8:50  SCV  
  47  8:54  Marine  
  47  8:56  Widow Mine  
  47  8:58  Medivac  
  47  9:00  Marine  
  52  9:07  Supply Depot x2, SCV x2, Marine  
  55  9:15  Marauder, Marine x2  
  59  9:19  SCV x2  
  61  9:28  Widow Mine  
  61  9:31  SCV, Marine x2  
  64  9:33  Marine x2  
  64  9:36  Marauder  
  70  9:42  Medivac  
  72  9:49  Marine x2  
  72  9:51  Marine x2  
  76  9:58  Marauder  
  78  10:18  Supply Depot x2  
  78  10:19  Supply Depot  
  78  10:20  Supply Depot  
  78  10:29  Medivac, Widow Mine, Marine x5  
  87  10:47  Marine x5  
  92  11:05  Marauder, Marine x4  
  86  11:22  Marine x4  
Tags
 
Add a new tag
Caveats
  • Supply blocks, unpowered buildings, or Contaminate may cause inaccurate times.
  • Supply counts are checked every 10 seconds.